 Dungeon Crawl Stone Soup version 0.20-a0-850-ge5a7832 (webtiles) character file.

72 krabocopter the Changer (level 4, 0/40 HPs)
             Began as a Naga Transmuter on Mar 10, 2017.
             Slain by an orc
             ... wielding a +0 flail
              (2 damage)
             ... on level 3 of the Dungeon.
             The game lasted 00:06:45 (2823 turns).

krabocopter the Changer (Naga Transmuter)           Turns: 2823, Time: 00:06:46

Health: 0/40       AC:  3    Str: 13    XL:     4   Next: 25%
Magic:  6/7        EV: 10    Int: 14    God:
Gold:   114        SH:  0    Dex: 11    Spells: 6/7 levels left

rFire    . . .     SeeInvis +     - Unarmed
rCold    . . .     Gourm    .   b - +0 robe
rNeg     . . .     Faith    .   (no shield)
rPois    +         Spirit   .   (no helmet)
rElec    .         Reflect  .   (no cloak)
rCorr    .         Harm     .   l - +0 pair of gloves (curse)
MR       .....                  (no barding)
Stlth    +.........             (no amulet)
Regen    0.2/turn               (no ring)
MPRegen  0.1/turn               (no ring)

@: appendage, very slightly contaminated, very slow
A: horns 2, see invisible, deformed body, poison resistance, slowness 2, slow
metabolism 1, spit poison 1, AC +1
a: Spit Poison, End Transformation


You were on level 3 of the Dungeon.
You were not hungry.
You had grown temporary horns.
You visited 1 branch of the dungeon, and saw 3 of its levels.

You collected 114 gold pieces.

Inventory:

Armour
 b - a +0 robe (worn)
 l - a cursed +0 pair of gloves (worn)
 q - a +0 leather armour
Scrolls
 a - a scroll of magic mapping {unknown}
 h - a scroll of fear {unknown}
 j - 5 scrolls of remove curse {unknown}
 k - 5 scrolls of identify {unknown}
 m - a scroll of blinking {unknown}
 o - a scroll of recharging {unknown}
 p - a scroll of amnesia {unknown}
 t - 2 scrolls of teleportation {unknown}
Potions
 e - 2 potions of might
 f - 2 potions of magic {unknown}
 g - a potion of degeneration {unknown}
 i - 2 potions of haste {unknown}
 n - 2 potions of curing {unknown}
 r - 2 potions of lignification {unknown}
Books
 c - a book of Changes

   Spells                             Type                      Level
   a - Beastly Appendage              Transmutation                1
   b - Sticks to Snakes               Transmutation                2
   c - Spider Form                    Transmutation/Poison         3
   d - Ice Form                       Ice/Transmutation            4
   e - Blade Hands                    Transmutation                5
Comestibles
 d - 4 bread rations
 s - 2 royal jellies


   Skills:
 * Level 2.5 Fighting
 + Level 1.9 Dodging
 - Level 3.0 Unarmed Combat
 - Level 2.0 Spellcasting
 * Level 3.3 Transmutations


You had 6 spell levels left.
You knew the following spells:

 Your Spells              Type           Power        Failure   Level  Hunger
a - Beastly Appendage     Tmut           ##....       10%         1    ##.....


Dungeon Overview and Level Annotations

Branches:
Dungeon (3/15)

Altars:
Nemelex Xobeh


Innate Abilities, Weirdness & Mutations

You cannot wear boots.
Your serpentine skin is tough. (AC +1)
You have supernaturally acute eyesight. (SInv)
Armour fits poorly on your strangely shaped body.
Your system is resistant to poisons. (rPois)
You cover ground very slowly.
You have a slow metabolism.
You can spit poison.
You have a pair of horns on your head.


Message History

You hit the orc but do no damage. The orc hits you but does no damage.
You hit the orc but do no damage.
The orc priest invokes the aid of Beogh against you.
Beogh smites you!
You take 13 damage, and have 25/40 hp.
MASSIVE DAMAGE!!
You hit the orc. You barely miss the orc. Your headbutt misses the orc.
The orc barely misses you.
You barely miss the orc.
The orc priest invokes the aid of Beogh against you.
Beogh smites you!
* * * LOW HITPOINT WARNING * * *
The orc closely misses you.
You take 13 damage, and have 12/40 hp.
MASSIVE DAMAGE!!
You closely miss the orc.
The orc priest calls down the wrath of Beogh upon you.
Beogh smites you!
* * * LOW HITPOINT WARNING * * *
The orc hits you with a flail.
You die...

# ## # .. ########
#. #######...###
.## ##...###...###
oo###....###...###
#o##..#..##.....##
#o#..##..#...#...#
#@#..###....###...
#.#..###....###...
#.#..####)..###...
#....#############
#...## #.(## ####


You could see an orc priest and 3 orcs.

Vanquished Creatures
  3 adders
  A worm (D:2)
  A dart slug (D:2)
  2 orcs (D:3)
  3 bats
  3 giant cockroaches
  A hobgoblin (D:1)
  6 jackals (D:1)
  3 kobolds
  A quokka (D:3)
  3 frilled lizards
  4 goblins
  7 rats
38 creatures vanquished.

Notes
Turn   | Place    | Note
-------+----------+-------------------------------------------
     0 | D:1      | krabocopter the Naga Transmuter began the quest for the Orb.
     0 | D:1      | Reached XP level 1. HP: 18/18 MP: 3/3
   435 | D:1      | Reached XP level 2. HP: 17/25 MP: 5/5
  1375 | D:2      | Found a sparkling altar of Nemelex Xobeh.
  1416 | D:2      | Reached XP level 3. HP: 24/32 MP: 4/6
  2142 | D:3      | Reached XP level 4. HP: 8/40 MP: 7/7
  2823 | D:3      | HP: 2/40 [orc priest/divine providence (11)]
  2823 | D:3      | Slain by an orc

Vault maps used:
D:1:      lightli_arrival_farm
D:2:      nemelex_xobeh_ov_fountains_minmay, first_bread
D:3:      ashenzari_conservatory_becter, hangedman_glass_teeth, fedhas_altar_3,
          uniq_robin

Skill      XL: |  1  2  3 |
---------------+----------+-----
Fighting       | 2 |  2.5
Transmutations | 3 |  3.3
Dodging        | |  1.9
Unarmed Combat | |  3.0
Spellcasting   | |  2.0

Action                   |  1- 3 |  4- 6 || total
-------------------------+-------+-------++-------
Melee: Unarmed           |   154 |    52 ||   206
       Headbutt          |    12 |     1 ||    13
       Punch             |     1 |     1 ||     2
 Cast: Beastly Appendage |    12 |     3 ||    15
  Use: Potion            |     1 |       ||     1
 Stab: Sleeping          |       |     1 ||     1
  Eat: Chunk             |     3 |     2 ||     5
Armor: Robe              |    55 |    14 ||    69
Dodge: Dodged            |    77 |    29 ||   106
